IL
HILLSBORO HOPS @ GREENVILLE DRIVE
08/15/2023
 
TOP OF THE 1ST
Hillsboro Hops batting - Pitching for Greenville Drive : RHP Miller Hogan
Pitching: RHP Miller Hogan
Batting: LHB Micah Pries 0-0: Ball
1-0: Ground out 1-3 (Groundball, 13S, EV 66.3 MPH)
Batting: RHB Christian Cairo 0-0: Foul Ball, location: 9LMF
0-1: Ball
1-1: SINGLE (Groundball, 34S, EV 78.1 MPH) (infield hit)
Batting: LHB Jeremy De La Rosa 0-0: Ball
1-0: Ball
2-0: Ball
Wild Pitch!
Christian Cairo to second
3-0: Called Strike
3-1: Foul Ball, location: 2F
3-2: Foul Ball, location: 5F
3-2: Foul Ball, location: 2F
3-2: Foul Ball, location: 2F
3-2: Fly out, F6 (Popup, 15S, EV 92.5 MPH)
Batting: RHB Kevin Cron 0-0: Called Strike
0-1: Foul Ball, location: 2F
0-2: Ball
1-2: Strikes out looking
Top of the 1st over - 0 runs, 1 hit, 0 errors, 1 left on base; Hillsboro 0 - Greenville 0
BOTTOM OF THE 1ST
Greenville Drive batting - Pitching for Hillsboro Hops : RHP Richard Gallardo
Pitching: RHP Richard Gallardo
Batting: LHB Phil Caulfield 0-0: Called Strike
0-1: Foul Ball, location: 7LDF
0-2: Foul Ball, location: 9LSF
0-2: Ball
1-2: Strikes out swinging
Batting: SHB Lizandro Rodriguez 0-0: Ball
1-0: Ball
2-0: Foul Ball, location: 9LDF
2-1: Foul Ball, location: 9LDF
2-2: Fly out, F7 (Flyball, 7D, EV 97.5 MPH)
Batting: RHB Jose Peroza 0-0: Ball
1-0: Called Strike
1-1: Fly out, F7 (Flyball, 7D, EV 101.9 MPH)
Bottom of the 1st over - 0 runs, 0 hits, 0 errors, 0 left on base; Hillsboro 0 - Greenville 0
TOP OF THE 2ND
Hillsboro Hops batting - Pitching for Greenville Drive : RHP Miller Hogan
Batting: RHB Alexeis Azuaje 0-0: Foul Ball, location: 5DF
0-1: Ball
1-1: Ball
2-1: Foul Ball, location: 9LDF
2-2: Foul Ball, location: 5SF
2-2: Foul Ball, location: 2F
2-2: Ball
3-2: Base on Balls
Batting: LHB Tanner Allen 0-0: Sac Bunt to P - play at first, batter OUT! 1-3
Alexeis Azuaje to second
Batting: RHB Yojhan Quevedo 0-0: Ball
1-0: Ball
2-0: Foul Ball, location: 2F
2-1: Foul Ball, location: 5SF
2-2: Ball
3-2: Strikes out swinging
Batting: RHB Andrew Jenkins 0-0: Called Strike
0-1: Ground out 3-1 (Groundball, 34, EV 87.5 MPH)
Top of the 2nd over - 0 runs, 0 hits, 0 errors, 1 left on base; Hillsboro 0 - Greenville 0
BOTTOM OF THE 2ND
Greenville Drive batting - Pitching for Hillsboro Hops : RHP Richard Gallardo
Batting: LHB Richard Paz 0-0: Fly out, F7 (Flyball, 7, EV 77.5 MPH)
Batting: RHB Pedro Castellanos 0-0: Ball
1-0: Ball
2-0: Called Strike
2-1: Foul Ball, location: 7LSF
2-2: Fly out, F8 (Flyball, 8RD, EV 100.0 MPH)
Batting: SHB Chavez Young 0-0: Called Strike
0-1: Swinging Strike
0-2: Ball
1-2: Ball
2-2: Ground out 6-3 (Groundball, 6S, EV 62.5 MPH)
Bottom of the 2nd over - 0 runs, 0 hits, 0 errors, 0 left on base; Hillsboro 0 - Greenville 0
TOP OF THE 3RD
Hillsboro Hops batting - Pitching for Greenville Drive : RHP Miller Hogan
Batting: SHB Abdiel Layer 0-0: Called Strike
0-1: Called Strike
0-2: Ball
1-2: Strikes out looking
Batting: LHB Micah Pries 0-0: Ball
1-0: Ball
2-0: SINGLE (Line Drive, 8LS, EV 102.5 MPH)
Batting: RHB Christian Cairo 0-0: Called Strike
0-1: Ball
1-1: Foul Ball, location: 2F
1-2: Foul Ball, location: 5DF
1-2: Strikes out swinging
Batting: LHB Jeremy De La Rosa 0-0: Ball
1-0: Ball
2-0: Foul Ball, location: 2F
2-1: Ground out U3 (Groundball, 34, EV 82.5 MPH)
Top of the 3rd over - 0 runs, 1 hit, 0 errors, 1 left on base; Hillsboro 0 - Greenville 0
BOTTOM OF THE 3RD
Greenville Drive batting - Pitching for Hillsboro Hops : RHP Richard Gallardo
Batting: SHB Jake Palomaki 0-0: Ball
1-0: Ground out 4-3 (Groundball, 4, EV 99.4 MPH)
Batting: SHB Pedro Martinez 0-0: Called Strike
0-1: Ball
1-1: Foul Ball, location: 5FF
1-2: Ball
2-2: Foul Ball, location: 3FF
2-2: Foul Ball, location: 7LMF
2-2: Ball
3-2: Strikes out swinging
Batting: SHB Casey Opitz 0-0: Ball
1-0: SINGLE (Line Drive, 6D, EV 106.3 MPH)
Batting: LHB Phil Caulfield 0-0: Called Strike
0-1: Ball
1-1: Ball
2-1: SINGLE (Groundball, 4, EV 81.9 MPH) (infield hit)
Casey Opitz to second
Batting: SHB Lizandro Rodriguez 0-0: Foul Ball, location: 7LSF
0-1: Ball
1-1: Ball
2-1: Ball
3-1: Base on Balls
Casey Opitz to third
Phil Caulfield to second
Batting: RHB Jose Peroza 0-0: Ball
1-0: Called Strike
1-1: Ball
2-1: Foul Ball, location: 25F
2-2: Fielders Choice at 2nd, 5-4 (Groundball, 56, EV 101.9 MPH)
Bottom of the 3rd over - 0 runs, 2 hits, 0 errors, 3 left on base; Hillsboro 0 - Greenville 0
TOP OF THE 4TH
Hillsboro Hops batting - Pitching for Greenville Drive : RHP Miller Hogan
Batting: RHB Kevin Cron 0-0: Ball
1-0: Swinging Strike
1-1: Foul Ball, location: 9LSF
1-2: Foul Ball, location: 9LDF
1-2: Ball
2-2: Fly out, F8 (Flyball, 78M, EV 94.4 MPH)
Batting: RHB Alexeis Azuaje 0-0: Called Strike
0-1: Foul Ball, location: 9LDF
0-2: Ground out 4-3 (Groundball, 4S, EV 69.4 MPH)
Batting: LHB Tanner Allen 0-0: Ball
1-0: Swinging Strike
1-1: Swinging Strike
1-2: Ball
2-2: Ball
3-2: Ground out 5-3 (Groundball, 5, EV 85.0 MPH)
Top of the 4th over - 0 runs, 0 hits, 0 errors, 0 left on base; Hillsboro 0 - Greenville 0
BOTTOM OF THE 4TH
Greenville Drive batting - Pitching for Hillsboro Hops : RHP Richard Gallardo
Batting: LHB Richard Paz 0-0: SINGLE (Flyball, 8LS, EV 92.5 MPH)
Batting: RHB Pedro Castellanos 0-0: Sac Bunt to 3S - play at first, batter OUT! 3-4
Richard Paz to second
Batting: SHB Chavez Young 0-0: Fly out, F7 (Flyball, 7LS, EV 82.5 MPH)
Batting: SHB Jake Palomaki 0-0: Called Strike
0-1: Foul Ball, location: 2F
0-2: Ball
Wild Pitch!
Richard Paz to third
1-2: Foul Ball, location: 9LSF
1-2: Ball
2-2: Strikes out looking
Bottom of the 4th over - 0 runs, 1 hit, 0 errors, 1 left on base; Hillsboro 0 - Greenville 0
TOP OF THE 5TH
Hillsboro Hops batting - Pitching for Greenville Drive : RHP Miller Hogan
Batting: RHB Yojhan Quevedo 0-0: Called Strike
0-1: Ball
1-1: Ball
2-1: Ground out 4-3 (Groundball, 4, EV 88.1 MPH)
Batting: RHB Andrew Jenkins 0-0: Ball
1-0: Ball
2-0: Foul Ball, location: 2F
2-1: Ball
3-1: Fly out, F5 (Popup, 5L, EV 68.1 MPH)
Batting: SHB Abdiel Layer 0-0: Called Strike
0-1: Foul Ball, location: 2F
0-2: Ball
1-2: Foul Ball, location: 7LMF
1-2: Ball
2-2: Strikes out swinging
Top of the 5th over - 0 runs, 0 hits, 0 errors, 0 left on base; Hillsboro 0 - Greenville 0
BOTTOM OF THE 5TH
Greenville Drive batting - Pitching for Hillsboro Hops : RHP Richard Gallardo
Batting: SHB Pedro Martinez 0-0: Called Strike
0-1: Ball
1-1: Ground out U3 (Groundball, 34, EV 103.8 MPH)
Batting: SHB Casey Opitz 0-0: Called Strike
0-1: Ball
1-1: Ground out 4-3 (Groundball, 4M, EV 82.5 MPH)
Batting: LHB Phil Caulfield 0-0: Swinging Strike
0-1: Swinging Strike
0-2: Foul Ball, location: 7LMF
0-2: Ball
1-2: Foul Ball, location: 3DF
1-2: Ground out 1-3 (Groundball, 13S, EV 70.6 MPH)
Bottom of the 5th over - 0 runs, 0 hits, 0 errors, 0 left on base; Hillsboro 0 - Greenville 0
TOP OF THE 6TH
Hillsboro Hops batting - Pitching for Greenville Drive : RHP Miller Hogan
Batting: LHB Micah Pries 0-0: Ball
1-0: Ball
2-0: Swinging Strike
2-1: Foul Ball, location: 2F
2-2: Ball
3-2: Foul Ball, location: 9LMF
3-2: Foul Ball, location: 2LF
3-2: SINGLE (Groundball, 3S, EV 61.9 MPH) (infield hit)
Pitching: RHP Keagan Gillies
Batting: RHB Christian Cairo 0-0: SINGLE (Line Drive, 6D, EV 106.3 MPH)
Micah Pries to second
Batting: LHB Jeremy De La Rosa 0-0: Foul Ball, location: 3FF
0-1: Swinging Strike
0-2: Ball
1-2: Strikes out swinging
Batting: RHB Kevin Cron 0-0: Ball
1-0: Ball
2-0: Called Strike
2-1: Ball
3-1: Base on Balls
Micah Pries to third
Christian Cairo to second
Pitching: RHP Joe Shaw
Pinch Hitting: RHB Jomar Reyes 0-0: Called Strike
0-1: Fly out, F7 (Flyball, 7, EV 94.4 MPH)
Runner from 3rd tags up, SCORES, throw by LF
Batting: LHB Tanner Allen 0-0: Called Strike
0-1: Ground out 4-3 (Groundball, 34D, EV 80.6 MPH)
Top of the 6th over - 1 run, 2 hits, 0 errors, 2 left on base; Hillsboro 1 - Greenville 0
BOTTOM OF THE 6TH
Greenville Drive batting - Pitching for Hillsboro Hops : RHP Richard Gallardo
Now at 2B: Abdiel Layer
Now at 3B: Jomar Reyes
Batting: SHB Lizandro Rodriguez 0-0: Foul Ball, location: 25F
0-1: Foul Ball, location: 9LSF
0-2: Foul Ball, location: 7LSF
0-2: Foul Ball, location: 5FF
0-2: Ball
1-2: Ball
2-2: Strikes out looking
Batting: RHB Jose Peroza 0-0: DOUBLE (Flyball, 89XD, EV 110.0 MPH) - OUT at third base trying to stretch hit.
Batting: LHB Richard Paz 0-0: Swinging Strike
0-1: Ball
1-1: Called Strike
1-2: Fly out, F9 (Line Drive, 89S, EV 96.9 MPH)
Bottom of the 6th over - 0 runs, 1 hit, 0 errors, 0 left on base; Hillsboro 1 - Greenville 0
TOP OF THE 7TH
Hillsboro Hops batting - Pitching for Greenville Drive : RHP Joe Shaw
Batting: RHB Yojhan Quevedo 0-0: Fly out, F3 (Popup, 23F, EV 80.6 MPH)
Batting: RHB Andrew Jenkins 0-0: Ball
1-0: Called Strike
1-1: Swinging Strike
1-2: Ball
2-2: Strikes out swinging
Batting: SHB Abdiel Layer 0-0: Fly out, F4 (Popup, 23, EV 87.5 MPH)
Top of the 7th over - 0 runs, 0 hits, 0 errors, 0 left on base; Hillsboro 1 - Greenville 0
BOTTOM OF THE 7TH
Greenville Drive batting - Pitching for Hillsboro Hops : RHP Richard Gallardo
Batting: RHB Pedro Castellanos 0-0: Fly out, F9 (Flyball, 9LM, EV 80.6 MPH)
Batting: SHB Chavez Young 0-0: Ball
1-0: Ground out 5-3 (Groundball, 56S, EV 85.6 MPH)
Batting: SHB Jake Palomaki 0-0: Called Strike
0-1: Ball
1-1: Ball
2-1: Foul Ball, location: 9LDF
2-2: Foul Ball, location: 2F
2-2: Ball
3-2: SINGLE (Groundball, 4MD, EV 101.3 MPH)
Batting: SHB Pedro Martinez 0-0: Ball
1-0: Ball
Jake Palomaki steals 2nd base
2-0: Ball
3-0: Called Strike
3-1: Foul Ball, location: 7LSF
3-2: Ground out 4-3 (Groundball, 4D, EV 108.1 MPH)
Bottom of the 7th over - 0 runs, 1 hit, 0 errors, 1 left on base; Hillsboro 1 - Greenville 0
TOP OF THE 8TH
Hillsboro Hops batting - Pitching for Greenville Drive : RHP Joe Shaw
Batting: LHB Micah Pries 0-0: Called Strike
0-1: Foul Ball, location: 2F
0-2: Ball
1-2: Ball
2-2: Ball
3-2: Base on Balls
Batting: RHB Christian Cairo 0-0: Bunted foul
0-1: Ball
1-1: Sac Bunt to P - play at first, batter OUT! 1-3
Micah Pries to second
Batting: LHB Jeremy De La Rosa 0-0: Called Strike
0-1: Called Strike
0-2: Strikes out swinging
Batting: RHB Kevin Cron 0-0: Ball
1-0: Called Strike
1-1: Ball
2-1: Ball
3-1: Foul Ball, location: 2F
3-2: Base on Balls
Batting: RHB Jomar Reyes 0-0: Called Strike
0-1: Ball
1-1: 3-RUN HOME RUN (Flyball, 9LD, EV 98.1 MPH), Distance : 352 ft
Pitching: RHP Conner Nurse
Batting: LHB Tanner Allen 0-0: Ball
1-0: Foul Ball, location: 7LDF
1-1: Called Strike
1-2: Foul Ball, location: 7LMFF
1-2: Foul Ball, location: 7LMF
1-2: Ball
2-2: Strikes out looking
Top of the 8th over - 3 runs, 1 hit, 0 errors, 0 left on base; Hillsboro 4 - Greenville 0
BOTTOM OF THE 8TH
Greenville Drive batting - Pitching for Hillsboro Hops : RHP Richard Gallardo
Batting: SHB Casey Opitz 0-0: Ball
1-0: Ground out U3 (Groundball, 3, EV 101.9 MPH)
Pitching: LHP Graeme Stinson
Batting: LHB Phil Caulfield 0-0: Ball
1-0: Ball
2-0: Called Strike
2-1: Ball
3-1: Called Strike
3-2: Foul Ball, location: 5F
3-2: Ground out 4-3 (Groundball, 4M, EV 84.4 MPH)
Batting: SHB Lizandro Rodriguez 0-0: Ball
1-0: Called Strike
1-1: Swinging Strike
1-2: Strikes out swinging
Bottom of the 8th over - 0 runs, 0 hits, 0 errors, 0 left on base; Hillsboro 4 - Greenville 0
TOP OF THE 9TH
Hillsboro Hops batting - Pitching for Greenville Drive : RHP Conner Nurse
Batting: RHB Yojhan Quevedo 0-0: Swinging Strike
0-1: Ball
1-1: DOUBLE (Groundball, 3L, EV 107.5 MPH)
Batting: RHB Andrew Jenkins 0-0: Ball
1-0: Called Strike
1-1: Swinging Strike
1-2: Strikes out swinging
Batting: SHB Abdiel Layer 0-0: Called Strike
0-1: Swinging Strike
0-2: Ball
1-2: Ball
2-2: Strikes out looking
Batting: LHB Micah Pries 0-0: Ball
1-0: Ball
2-0: Ground out 5-3 (Groundball, 5D, EV 98.1 MPH)
Top of the 9th over - 0 runs, 1 hit, 0 errors, 1 left on base; Hillsboro 4 - Greenville 0
BOTTOM OF THE 9TH
Greenville Drive batting - Pitching for Hillsboro Hops : LHP Graeme Stinson
Batting: RHB Jose Peroza 0-0: Called Strike
0-1: Ball
1-1: Foul Ball, location: 3FF
1-2: Strikes out swinging
Pinch Hitting: RHB Nick Clarno 0-0: Called Strike
0-1: Ball
1-1: Foul Ball, location: 9LSF
1-2: Strikes out swinging
Batting: RHB Pedro Castellanos 0-0: Ball
1-0: Swinging Strike
1-1: SINGLE (Line Drive, 8LS, EV 91.9 MPH)
Batting: SHB Chavez Young 0-0: Ball
1-0: SINGLE (Groundball, 34D, EV 102.5 MPH)
Pedro Castellanos to second
Pitching: RHP DeMarcus Evans
Batting: SHB Jake Palomaki 0-0: Called Strike
0-1: Fly out, F9 (Flyball, 9D, EV 106.3 MPH)
Bottom of the 9th over - 0 runs, 2 hits, 0 errors, 2 left on base; Hillsboro 4 - Greenville 0
Friday, May 31st , 2024 - OOTP Baseball 24.11 Build 85